 Dungeon Crawl Stone Soup version 0.29.0-4-gdea44cf6ec (webtiles) character file.

Game seed: 10230117939384013958

356 qw the Chopper (level 6, -2/36 HPs)
             Began as a Tengu Warper on Aug 28, 2022.
             Slain by a white imp (5 damage)
             ... on level 4 of the Dungeon.
             The game lasted 00:00:19 (3797 turns).

qw the Chopper (Tengu Warper)                       Turns: 3797, Time: 00:00:20

Health: -2/36      AC:  6    Str: 13    XL:     6   Next: 63%
Magic:  10/10      EV: 12    Int: 14    God:
Gold:   166        SH:  4    Dex: 13    Spells: 9/9 levels left

rFire   . . .      SeeInvis .   Y - +2 hand axe (freeze)
rCold   . . .      Faith    .   g - +0 buckler
rNeg    . . .      Spirit   .   j - +0 ring mail
rPois   .          Reflect  .   (helmet restricted)
rElec   .          Harm     .   (no cloak)
rCorr   .          Rampage  .   i - +0 pair of gloves
Will    .....                   (boots unavailable)
Stlth   +.........              (no amulet)
HPRegen 0.12/turn               (no ring)
MPRegen 0.12/turn               (no ring)

@: about to teleport, flying quickly and evasively, quick
A: beak, talons 3, nimble flight
a: no special abilities


You were on level 4 of the Dungeon.
You visited 1 branch of the dungeon, and saw 4 of its levels.

You collected 166 gold pieces.


Innate Abilities, Weirdness & Mutations

You have a beak for a mouth.
You have claws for feet.
Your magical nature lets you fly swiftly and evasively.


   Skills:
 + Level 2.4 Fighting
 - Level 7.0 Axes
 - Level 1.0 Throwing
 - Level 1.1 Armour
 - Level 2.1 Dodging
 - Level 1.6 Shields
 - Level 2.0 Spellcasting
 - Level 2.4 Translocations


You had 9 spell levels left.
You didn't know any spells.
Your spell library contained the following spells:

 Spells                   Type           Power      Damage    Failure   Level
 Blink                    Tloc           16%        N/A       36%         2
 Gell's Gravitas          Tloc           8%         N/A       61%         3
 Lesser Beckoning         Tloc           8%         N/A       61%         3
 Teleport Other           Tloc           8%         N/A       61%         3
 Manifold Assault         Tloc           8%         N/A       100%        5

Inventory:

Hand Weapons
 f - a +0 flail
 Y - a +2 hand axe of freezing (weapon)
Armour
 g - a +0 buckler (worn)
 i - a +0 pair of gloves (worn)
 j - a +0 ring mail (worn)
Scrolls
 c - 2 scrolls of teleportation
 k - a scroll of identify
 l - a scroll of fear {unknown}
Potions
 a - a potion of haste
 b - 4 potions of might
 d - 2 potions of attraction {unknown}
 e - 5 potions of curing
 h - a potion of degeneration {unknown}

Dungeon Overview and Level Annotations

Branches:
Dungeon (4/15)
 Temple: D:4-7

Altars:
Gozag


Message History

a +0 whip; a gnoll corpse A gnoll comes into view.
It is wielding a +0 club.
The gnoll shouts!
The gnoll hits you with a +0 halberd! The gnoll closely misses you.
You hit the gnoll. You freeze the gnoll. Your kick misses the gnoll.
You peck the gnoll.
The gnoll is moderately wounded.
You hit the gnoll. You freeze the gnoll. The gnoll misses you.
The gnoll hits you with a +0 halberd!
You hit the gnoll. You freeze the gnoll. You claw the gnoll.
You kill the gnoll!
You hit the gnoll. You freeze the gnoll. The gnoll misses you.
You hit the gnoll. You freeze the gnoll. Your peck misses the gnoll.
The gnoll is severely wounded.
You completely miss the gnoll.
The gnoll hits you but does no damage. x2
You hit the gnoll but do no damage. You claw the gnoll.
You kill the gnoll!
You hit the gnoll. You freeze the gnoll. The gnoll hits you with a +0 club. x2
You hit the gnoll. You freeze the gnoll. You claw the gnoll.
You kill the gnoll!
Things that are here:
a +0 club; a +0 halberd; 2 javelins You barely miss the white imp.
You claw the white imp, but do no damage.
You peck the white imp, but do no damage.
The white imp gestures at you. The puff of frost hits you!
3796 ||| READING 3 scrolls of teleportation.
As you read the scroll of teleportation, it crumbles to dust.
You feel strangely unstable. The white imp closely misses you.
You slash the white imp!
You claw the white imp, but do no damage.
Your peck misses the white imp.
The white imp is severely wounded.
The white imp hits you. The white imp freezes you.
You die...

......#7..........
#...%.#
......#7..........
#####.# ......#7...#####.
7 ##..# .....##7.....# .7
#..## .....##7.....# .7
##.##
......)..#########.7##..#
.%....#7.....#.....7#..##
.#.####7.....#..5..7#.###
##.# 7...#####@..7#...##
#.## 7.....)..)..7#....##
#.# 7...........7#.....#
..# 7777777777777#.....##
.## #......# .# ##.....#
.# #.....# ## #.....# #
##....#


You could see a white imp.

Vanquished Creatures
  A black bear (D:4)
  2 hounds
  Jessica (D:3)
  An iguana (D:4)
  4 gnolls (D:4)
  6 adders
  4 dart slugs
  4 bats
  7 endoplasms
  A giant cockroach (D:4)
  5 goblins
  4 hobgoblins
  3 quokkas
  6 ball pythons
  3 frilled lizards (D:1)
  7 kobolds
  3 rats
62 creatures vanquished.

Notes
Turn   | Place    | Note
-------+----------+-------------------------------------------
     0 | D:1      | qw the Tengu Warper began the quest for the Orb.
     0 | D:1      | Reached XP level 1. HP: 12/12 MP: 4/4
     0 | D:1      | 0 ||| qw: Version: 0.1-a-89-g26bdef1
     0 | D:1      | 0 ||| qw: Game counter: 903
     0 | D:1      | 0 ||| qw: Always use a shield: true
     0 | D:1      | 0 ||| qw: God list: Okawaru
     0 | D:1      | 0 ||| qw: Allow faded altars: false
     0 | D:1      | 0 ||| qw: Do Orc after D:15 true
     0 | D:1      | 0 ||| qw: Do second Lair branch before Depths: true
     0 | D:1      | 0 ||| qw: Lair rune preference: random
     0 | D:1      | 0 ||| qw: Plans: Normal
     0 | D:1      | 0 ||| PLANNING D:1-11
   148 | D:1      | 148 ||| Stepping ~*~*~tactically~*~*~ (stealth).
   151 | D:1      | 151 ||| Stepping ~*~*~tactically~*~*~ (stealth).
   153 | D:1      | 153 ||| Stepping ~*~*~tactically~*~*~ (stealth).
   155 | D:1      | 155 ||| Stepping ~*~*~tactically~*~*~ (stealth).
   157 | D:1      | 157 ||| Stepping ~*~*~tactically~*~*~ (stealth).
   159 | D:1      | 159 ||| Stepping ~*~*~tactically~*~*~ (stealth).
   309 | D:1      | Reached skill level 3 in Axes
   309 | D:1      | Reached XP level 2. HP: 17/17 MP: 6/6
   310 | D:1      | 310 ||| Stepping ~*~*~tactically~*~*~ (stealth).
   312 | D:1      | 312 ||| Stepping ~*~*~tactically~*~*~ (hiding).
   640 | D:1      | Found a faded altar of an unknown god.
   838 | D:1      | 838 ||| UPGRADING to +0 pair of gloves.
   843 | D:1      | 843 ||| UPGRADING to +0 ring mail.
   853 | D:1      | 853 ||| DROPPING +0 leather armour.
   854 | D:1      | 854 ||| READING scroll labelled COMPUPL GEWEST.
   855 | D:1      | 855 ||| READING scroll labelled KIZIAL ZINOC.
   856 | D:1      | 856 ||| READING scroll labelled POF MURHIUBEKKISO.
   857 | D:1      | 857 ||| READING 2 scrolls labelled DAODWU VOASI.
   858 | D:1      | 858 ||| READING 3 scrolls labelled HYXULLU SIXOAS.
   859 | D:1      | 859 ||| READING scroll labelled LIEROL QONUTUSK.
   992 | D:1      | 992 ||| DRINKING 2 viscous white potions.
   993 | D:1      | 993 ||| DROPPING scroll of blinking.
   994 | D:1      | 994 ||| DROPPING 2 scrolls of magic mapping.
  1090 | D:2      | 1090 ||| Stepping ~*~*~tactically~*~*~ (stealth).
  1148 | D:2      | Reached XP level 3. HP: 19/21 MP: 7/7
  1173 | D:2      | 1173 ||| Stepping ~*~*~tactically~*~*~ (hiding).
  1243 | D:2      | 1243 ||| Stepping ~*~*~tactically~*~*~ (stealth).
  1295 | D:2      | Reached skill level 4 in Axes
  1321 | D:2      | 1321 ||| Stepping ~*~*~tactically~*~*~ (stealth).
  1394 | D:2      | 1394 ||| DROPPING +0 mace.
  1403 | D:2      | 1403 ||| Stepping ~*~*~tactically~*~*~ (stealth).
  1479 | D:2      | 1479 ||| Stepping ~*~*~tactically~*~*~ (stealth).
  1480 | D:2      | 1480 ||| Stepping ~*~*~tactically~*~*~ (stealth).
  1483 | D:2      | 1483 ||| Stepping ~*~*~tactically~*~*~ (stealth).
  1681 | D:2      | 1681 ||| Stepping ~*~*~tactically~*~*~ (stealth).
  1688 | D:2      | Reached XP level 4. HP: 26/26 MP: 8/8
  2046 | D:2      | Reached skill level 5 in Axes
  2077 | D:2      | 2077 ||| UPGRADING to +0 buckler.
  2082 | D:2      | 2082 ||| READING scroll labelled JAUTYN FUDWAEW.
  2087 | D:2      | 2087 ||| READING scroll labelled TEORUST JO EHO.
  2124 | D:3      | Reached skill level 1 in Shields
  2257 | D:3      | Found an opulent altar of Gozag.
  2277 | D:3      | 2277 ||| READING scroll of enchant weapon.
  2277 | D:3      | 2277 ||| ENCHANTING +1 hand axe of freezing.
  2350 | D:3      | Noticed Jessica
  2354 | D:3      | Gained mutation: Your magical nature lets you fly swiftly
                  | and evasively. [Tengu growth]
  2354 | D:3      | Reached XP level 5. HP: 30/30 MP: 9/9
  2358 | D:3      | Killed Jessica
  2419 | D:3      | 2419 ||| Stepping ~*~*~tactically~*~*~ (hiding).
  3068 | D:3      | 3068 ||| READING scroll labelled QAIF NAEWIYFI.
  3169 | D:3      | 3169 ||| DRINKING 2 purple potions.
  3170 | D:3      | 3170 ||| READING 2 scrolls of identify.
  3170 | D:3      | 3170 ||| IDENTIFYING fizzy purple potion
  3391 | D:4      | Noticed a black bear
  3401 | D:4      | Killed a black bear
  3402 | D:4      | Reached skill level 6 in Axes
  3402 | D:4      | Reached XP level 6. HP: 23/35 MP: 10/10
  3779 | D:4      | 3779 ||| Stepping ~*~*~tactically~*~*~ (stealth).
  3784 | D:4      | 3784 ||| Stepping ~*~*~tactically~*~*~ (stealth).
  3786 | D:4      | Reached skill level 7 in Axes
  3795 | D:4      | HP: 3/36 [white imp/puff of frost (8)]
  3796 | D:4      | 3796 ||| READING 3 scrolls of teleportation.
  3797 | D:4      | Slain by a white imp

Levels and vault maps discovered:
D:1:      lightli_arrival_statuegarden, layout_basic,
          chequers_ecumenical_altar_simple, nicolae_figureground_sparkle
D:2:      layout_basic
D:3:      layout_basic, mainiacjoe_overflow_24_doors, uniq_jessica
D:4:      layout_cave_pods, kennysheep_generic_room_16

Skill      XL: |  1  2  3  4  5  6 |
---------------+-------------------+-----
Axes           | 3 4 5 6 7 |  7.0
Shields        | 1 |  1.6
Fighting       | |  2.4
Throwing       | |  1.0
Armour         | |  1.1
Dodging        | |  2.1
Spellcasting   | |  2.0
Translocations | |  2.4

Action                   |  1- 3 |  4- 6 || total
-------------------------+-------+-------++-------
Melee: Hand axe          |    67 |    77 ||   144
       Peck              |    12 |    13 ||    25
       Kick              |    17 |    21 ||    38
       Punch             |     2 |       ||     2
Throw: Boomerang         |     7 |       ||     7
  Use: Scroll            |     6 |     6 ||    12
       Potion            |     1 |     1 ||     2
Armor: Leather armour    |     5 |       ||     5
       Ring mail         |    14 |    32 ||    46
Dodge: Dodged            |    22 |    41 ||    63
Block: Buckler           |       |     6 ||     6

Table legend:
 A = Non-vault XP
 B = Vault XP
 C = Vault XP percentage of total XP
 D = Non-vault monster count
 E = Vault monster count
 F = Vault count percentage of total count
                 A         B        C        D         E       F
            +---------+---------+-------+---------+---------+-------
      Total |     433 |      76 |  14.9 |      59 |       3 |   4.8
            +---------+---------+-------+---------+---------+-------
        D:1 |      23 |       0 |   0.0 |      15 |       0 |   0.0
        D:2 |      91 |       0 |   0.0 |      23 |       0 |   0.0
        D:3 |      68 |      37 |  35.2 |       9 |       1 |  10.0
        D:4 |     251 |      39 |  13.4 |      12 |       2 |  14.3
            +---------+---------+-------+---------+---------+-------
